AoeStats
← Atesgecirmez

Enclosed

505713038Analyzed
1v1 RM · 22d ago on Sep 10, 2026· 48m 22s· 2 players
Game mode
Random Map
Map size
Tiny (2 player)
Population
200
Speed
Normal
Resources
Standard
Victory
Conquest
Starting age
Dark Age
Ending age
Imperial Age
RankedLock teamsTeams togetherTeam positionsShared explorationLock speedFull tech treeHidden civsTurbo modeCheats
Victory
Defeat
🇭🇰 Burgundians · Hong Kong SAR China
806
+15
🇹🇷 Saracens · Türkiye
795
-15
Atesgecirmez
10:42 Feudal Age
12:05 Double-Bit Axe
13:54 Wheelbarrow
14:19 Forging
15:03 Bloodlines
16:40 Horse Collar
21:52 Loom
22:02 Gold Mining
24:31 Castle Age
22:51 Fletching
23:49 Padded Archer Armor
24:46 Crossbowman
25:27 Bodkin Arrow
26:32 Bow Saw
27:32 Thumb Ring
29:06 Leather Archer Armor
30:43 Ballistics
31:57 Gold Shaft Mining
34:44 Iron Casting
36:07 Hand Cart
36:35 Husbandry
37:37 Town Watch
38:22 Heavy Plow
44:20 Imperial Age
42:38 Town Patrol
43:03 Stone Mining
44:27 Arbalester
45:16 Bracer
46:21 Blast Furnace
46:27 Chemistry
Carlo
3:12 Loom
6:30 Double-Bit Axe
12:28 Feudal Age
11:15 Gold Mining
14:38 Scale Mail Armor
14:49 Forging
17:36 Arson
21:04 Castle Age
19:40 Horse Collar
20:12 Bow Saw
20:42 Gold Shaft Mining
20:26 Heavy Plow
21:08 Cavalier
23:26 Crop Rotation
24:42 Husbandry
25:28 Scale Barding Armor
27:30 Guilds
29:15 Fervor
29:26 Sanctity
29:37 Chain Barding Armor
30:40 Chain Mail Armor
31:03 Iron Casting
32:30 Two-Man Saw
32:36 Chain Mail Armor
38:54 Imperial Age
37:13 Squires
40:14 Plate Mail Armor
40:20 Plate Barding Armor
40:45 Blast Furnace
39:10 Paladin
41:05 Chemistry
39:35 Pikeman
41:22 Halberdier
Connection lost

Rejoining the realm…

Still unreachable

The connection could not be restored.

Session expired

The server has moved on; the page needs a fresh start.